 Dungeon Crawl Stone Soup version 0.27.1-2-g3b301248ec (webtiles) character file.

Game seed: 14039563572046730410

62 sarasada the Sneak (level 3, -3/18 HPs)
             Began as a Spriggan Brigand on Oct 2, 2021.
             Slain by an adder (4 damage)
             ... on level 2 of the Dungeon.
             The game lasted 00:10:28 (1840 turns).

sarasada the Sneak (Spriggan Brigand)               Turns: 1840, Time: 00:10:28

Health: -3/18      AC:  3    Str:  7    XL:     3   Next: 85%
Magic:  4/4        EV: 17    Int: 12    God:
Gold:   12         SH:  0    Dex: 17    Spells: 2/2 levels left

rFire    . . .     SeeInvis +   e - +2 dagger (venom)
rCold    . . .     Faith    .   (shield restricted)
rNeg     . . .     Spirit   .   b - +0 robe
rPois    .         Reflect  .   (helmet restricted)
rElec    .         Harm     .   c - +0 cloak
rCorr    .         Rampage  .   (gloves unavailable)
Will     .....                  (boots unavailable)
Stlth    ++++......             (no amulet)
HPRegen  0.06/turn              j - ring of see invisible
MPRegen  0.09/turn              (no ring)

@: very quick
A: very small, no large weapons, unfitting armour, see invisible, speed 3
a: no special abilities


You were on level 2 of the Dungeon.
You visited 1 branch of the dungeon, and saw 2 of its levels.

You collected 12 gold pieces.

Inventory:

Hand Weapons
 a - a +2 dagger
 e - a +2 dagger of venom (weapon)
Missiles
 d - 7 poisoned darts (quivered)
 k - 2 curare-tipped darts
 m - 37 bolts
Armour
 b - a +0 robe (worn)
 c - a +0 cloak (worn)
 h - a +0 pair of gloves
Magical Staves
 f - a staff of conjuration
Jewellery
 j - a ring of see invisible (left hand)
Scrolls
 i - a scroll of amnesia {unknown}
 l - a scroll of noise {unknown}
Potions
 g - a potion of haste {unknown}
 n - a potion of curing {unknown}


   Skills:
 + Level 1.7 Fighting
 + Level 2.6 Short Blades
 + Level 2.8 Throwing
 + Level 1.9 Dodging
 + Level 7.0 Stealth


You had 2 spell levels left.
You didn't know any spells.
Your spell library contained the following spells:

 Spells                   Type           Power      Damage    Failure   Level
 Animate Skeleton         Necr           0%         N/A       32%         1
 Apportation              Tloc           0%         N/A       32%         1
 Corona                   Hex            0%         N/A       32%         1
 Summon Small Mammal      Summ           0%         N/A       32%         1


Dungeon Overview and Level Annotations

Branches:
Dungeon (2/15)

Altars:

Shops:
D:1 !


Innate Abilities, Weirdness & Mutations

You are very small and have problems with some larger weapons.
You are too small for most types of armour.
You have supernaturally acute eyesight. (SInv)
You cover ground extremely quickly. (Speed+++)


Message History

An orc is nearby!
An orc is nearby!
You don't know any spells.
You don't know any spells.
Things that are here:
a +0 falchion; an orc corpse You hit the orc.
The orc is poisoned.
The orc is lightly wounded.
The orc misses you.
You hit the orc.
The orc is moderately wounded.
The orc misses you.
You hit the orc.
You kill the orc!
You start resting.
An orc priest is nearby!
An orc priest is nearby!
You start resting.
An orc priest is nearby!
The orc priest shouts!
You hear an angry hiss.
A dart slug comes into view.
Things that are here:
a +0 falchion; an orc corpse The dart slug launches a dart at you.
The slug dart misses you.
A dart slug is nearby!
The dart slug launches a dart at you. The slug dart hits you.
* * * LOW HITPOINT WARNING * * *
You hit the dart slug.
The dart slug is poisoned.
The dart slug is lightly wounded.
You hit the dart slug.
The dart slug looks as sick as possible!
The dart slug is severely wounded.
You kill the dart slug!
Your Stealth skill increases to level 7!
You closely miss the adder. The adder completely misses you.
The adder closely misses you.
You closely miss the adder. The adder bites you.
You die...

......
.......#####+#
........#...#.###
..................
...................
...................
#............(......
#..........†@S......
#..................
#..................
##.........#####....
#.......)#### ... P
#.......)...####....
#........)..)..o..#.
#.
#.................#
#P#
#.................#
S.. ..


You could see an adder.

Vanquished Creatures
  An orc wizard (D:2)
  A dart slug (D:2)
  3 orcs (D:2)
  6 ball pythons (D:1)
  2 bats (D:1)
  2 endoplasms (D:1)
  A giant cockroach (D:1)
  6 goblins (D:1)
  2 hobgoblins (D:1)
  2 quokkas (D:1)
  5 rats
31 creatures vanquished.

Vanquished Creatures (others)
  7 plants (D:1)
7 creatures vanquished.

Grand Total: 38 creatures vanquished

Notes
Turn   | Place    | Note
-------+----------+-------------------------------------------
     0 | D:1      | sarasada the Spriggan Brigand began the quest for the Orb.
     0 | D:1      | Reached XP level 1. HP: 10/10 MP: 2/2
    81 | D:1      | Reached skill level 6 in Stealth
   372 | D:1      | Found Rinu's Distillery.
   411 | D:1      | Reached XP level 2. HP: 15/15 MP: 3/3
  1792 | D:2      | Reached XP level 3. HP: 14/18 MP: 4/4
  1839 | D:2      | Reached skill level 7 in Stealth
  1840 | D:2      | Slain by an adder

Illustrated notes

Levels and vault maps discovered:
D:1:      dpeg_arrival_snail, layout_loops_ring, serial_shops, shop,
          chequers_big_river
D:2:      layout_basic, shapermc_ecumenical_altar_mp_urbaneastern, uniq_jessica

Skill      XL: |  1  2  3 |
---------------+----------+-----
Stealth        | 6 7 |  7.0
Fighting       | |  1.7
Short Blades   | |  2.6
Throwing       | |  2.8
Dodging        | |  1.9

Action                   || total
-------------------------++-------
Melee: Dagger            ||    76
Throw: Dart              ||    37
  Use: Scroll            ||     1
       Potion            ||     1
 Stab: Distracted        ||     1
       Sleeping          ||     1
Armor: Robe              ||    10
Dodge: Dodged            ||    52
